 Dungeon Crawl Stone Soup version 0.20-a0-923-g548304e (webtiles) character file.

39 Chikkuri the Ducker (level 3, 2/24 HPs)
             Began as a Halfling Warper on Mar 26, 2017.
             Was an Initiate of Okawaru.
             Quit the game on level 2 of the Dungeon.
             The game lasted 00:05:04 (1641 turns).

Chikkuri the Ducker (Halfling Warper)               Turns: 1641, Time: 00:05:05

Health: 2/24       AC:  5    Str: 16 (18) XL:     3   Next: 67%
Magic:  5/5        EV: 15    Int:  8 (11) God:    Okawaru [......]
Gold:   38         SH:  0    Dex: 10 (13) Spells: 5/5 levels left

rFire    . . .     SeeInvis .   a - +0 falchion
rCold    . . .     Gourm    .   (shield restricted)
rNeg     . . .     Faith    .   b - +0 leather armour
rPois    .         Spirit   .   (no helmet)
rElec    .         Reflect  .   v - +0 cloak
rCorr    .         Harm     .   o - +0 pair of gloves
MR       .....                  (no boots)
Stlth    +.........             (no amulet)
Regen    0.1/turn               (no ring)
MPRegen  0.1/turn               (no ring)

@: mighty, lethally poisoned (2 -> -11), flying, very slightly contaminated,
hasted, very quick
A: mutation resistance 1
a: Renounce Religion


You were on level 2 of the Dungeon.
You worshipped Okawaru.
Okawaru was noncommittal.
You were not hungry.

You visited 1 branch of the dungeon, and saw 2 of its levels.

You collected 38 gold pieces.

Inventory:

Hand Weapons
 a - a +0 falchion (weapon)
 r - a +0 hunting sling
Missiles
 e - 5 tomahawks of dispersal (quivered)
 i - 3 tomahawks
 u - 14 poisoned needles
Armour
 b - a +0 leather armour (worn)
 o - a +0 pair of gloves (worn)
 v - a +0 cloak (worn)
Scrolls
 d - a scroll of blinking
 g - a scroll of teleportation {unknown}
 h - a scroll of enchant armour {unknown}
 j - 3 scrolls of identify {unknown}
 l - a scroll of amnesia {unknown}
 n - a scroll of remove curse {unknown}
Books
 c - a book of Spatial Translocations

   Spells                             Type                      Level
   a - Blink                          Translocation                2
   b - Shroud of Golubria             Charms/Translocation         2
   c - Lesser Beckoning               Translocation                3
   d - Gell's Gravitas                Translocation                3
   e - Teleport Other                 Translocation                3
   f - Passage of Golubria            Translocation                4
Comestibles
 f - a bread ration
 s - a meat ration
 t - a royal jelly


   Skills:
 - Level 1.7 Fighting
 - Level 2.0 Long Blades
 - Level 1.0 Throwing
 - Level 1.1 Armour
 + Level 4.0 Dodging
 + Level 0.8 Stealth
 - Level 1.5 Spellcasting
   Level 3.2 Translocations


You had 5 spell levels left.
You didn't know any spells.

Dungeon Overview and Level Annotations

Branches:
Dungeon (2/15)

Altars:
Okawaru


Innate Abilities, Weirdness & Mutations

You are small and have problems with some larger weapons.
You are somewhat resistant to further mutation.


Message History

You feel sick. The adder barely misses you.
You riposte.
You barely miss the adder.
The adder is severely wounded.
It was a potion of degeneration.
There was something very wrong with that liquid.
You feel weakened.
You feel dopey.
You feel clumsy. The adder barely misses you.
It was a potion of might.
You feel very mighty all of a sudden.
* * * LOW HITPOINT WARNING * * *
You feel sick. The adder bites you but does no damage. The adder bites you.
* * * LOW HITPOINT WARNING * * *
You are more poisoned.
The adder poisons you!
It was a potion of haste.
You feel yourself speed up.
* * * LOW HITPOINT WARNING * * *
You feel sick. The adder bites you but does no damage.
You are very lightly contaminated with residual magic.
Unknown command.
Are you sure you want to abandon this character and quit the game? (Confirm with "yes".)

.# #.......# #.....#
#.#####.# .# #.......#
#.....# #.#.....# .#
#.......# #.....#
#.#.##### .# #.......#
#.....###.#.# .#
##.....##
#......)..#.#####
.#####.....#
#.....†####.....#
....##.....# #......#
#####.# ###.##.....#
#.#'#.## #.# #.##.....#
#@#.#.# ###.# #.##.....#
#S#.#.. #...# #.##.....#
#.#.#<. #.###
###.#####.##
#.#.#########.# ..#.#
#...## #.#...........#
#.#.#
#.#..#####.#############
#.#.# #.#..#......<
#.#.###.#....###...
#.#.....#.#..# #....


You could see an adder.

Vanquished Creatures
  An adder (D:2)
  An ooze (D:1)
  A leopard gecko (D:1)
  3 giant cockroaches
  6 goblins
  3 hobgoblins
  A quokka (D:2)
  2 bats (D:1)
  2 kobolds (D:1)
  2 rats (D:1)
22 creatures vanquished.

Notes
Turn   | Place    | Note
-------+----------+-------------------------------------------
     0 | D:1      | Chikkuri the Halfling Warper began the quest for the Orb.
     0 | D:1      | Reached XP level 1. HP: 14/14 MP: 3/3
   382 | D:1      | Reached XP level 2. HP: 19/19 MP: 4/4
   413 | D:1      | Reached skill level 3 in Dodging
   743 | D:1      | Reached XP level 3. HP: 9/24 MP: 5/5
  1270 | D:2      | Found an iron altar of Okawaru.
  1283 | D:2      | Became a worshipper of Warmaster Okawaru
  1534 | D:2      | Reached skill level 4 in Dodging
  1641 | D:2      | Quit the game

Vault maps used:
D:1:      moated_graveyard_arrival
D:2:      okawaru_metal_pillars_1_2, first_bread, tgw_trog

Skill      XL: |  1  2  3 |
---------------+----------+-----
Dodging        | 3 4 |  4.0
Fighting       | |  1.7
Long Blades    | |  2.0
Throwing       | |  1.0
Armour         | |  1.1
Stealth        | |  0.8
Spellcasting   | |  1.5
Translocations | |  3.2

Action                   || total
-------------------------++-------
Melee: Falchion          ||   108
  Use: Potion            ||     4
 Stab: Sleeping          ||     1
  Eat: Bread ration      ||     1
       Chunk             ||     1
Armor: Leather armour    ||    21
Dodge: Dodged            ||    97
       Rpst.: Falchion   ||    30
